 Dungeon Crawl Stone Soup version 0.17.2-1-ge4368a0 (webtiles) character file.

267 diggydiggyhole the Twirler (level 5, -2/41 HPs)
             Began as a Demigod Gladiator on Apr 5, 2017.
             Slain by a hobgoblin (4 damage)
             ... on level 3 of the Dungeon.
             The game lasted 00:03:53 (6183 turns).

diggydiggyhole the Twirler (Demigod Gladiator)      Turns: 6183, Time: 00:03:53

Health: -2/41      AC:  0    Str: 18    XL:     5   Next: 68%
Magic:  7/7        EV: 13    Int: 14    God:
Gold:   118        SH:  0    Dex: 16    Spells: 0 memorised, 4 levels left

rFire  . . .     SeeInvis .     e - bread ration
rCold  . . .     Clarity  .     (no armour)
rNeg   . . .     SustAt   +     (no shield)
rPois  .         Gourm    .     (no helmet)
rElec  .         Spirit   .     (no cloak)
rCorr  .         Warding  .     (no gloves)
rMut   .         Stasis   .     (no boots)
MR     .....                    (no amulet)
Stlth  +.........               (no ring)
                                (no ring)

@: not resistant to hostile enchantments, very unstealthy
A: high mp 1, sustain attributes
a: no special abilities


You were on level 3 of the Dungeon.
You were not hungry.

You visited 1 branch of the dungeon, and saw 4 of its levels.

You collected 118 gold pieces.

Inventory:

Scrolls
 g - 10 scrolls of identify {unknown}
 j - 2 scrolls of fear {unknown}
 k - 2 scrolls of remove curse {unknown}
 l - a scroll of teleportation {unknown}
 m - a scroll of immolation {unknown}
 o - a scroll of enchant armour {unknown}
 q - a scroll of magic mapping {unknown}
 s - 2 scrolls of amnesia {unknown}
 u - 4 scrolls of random uselessness {unknown}
 x - a scroll of recharging {unknown}
 z - a scroll of enchant weapon {unknown}
Potions
 h - a potion of ambrosia {unknown}
 i - 3 potions of heal wounds {unknown}
 n - a potion of might {unknown}
 p - 3 potions of agility {unknown}
 r - a potion of curing
 v - a potion of brilliance {unknown}
 w - a potion of flight {unknown}
Books
 y - a book of Transfigurations

   Spells                             Type                      Level
   a - Stoneskin                      Transmutation/Earth          2
   b - Irradiate                      Conjuration/Transmutation    5
   c - Statue Form                    Transmutation/Earth          6
   d - Hydra Form                     Transmutation                6
   e - Dragon Form                    Transmutation                7
Comestibles
 e - a bread ration (in hand)
 f - 2 meat rations


   Skills:
 - Level 1.7 Fighting
   Level 6.1 Staves
 - Level 1.7 Throwing
 - Level 2.6 Dodging
 + Level 0.0 Spellcasting
   Level 0.0 Evocations


You had 4 spell levels left.
You didn't know any spells.

Dungeon Overview and Level Annotations

Branches:
Dungeon (4/15)
 Temple: D:4-7


Innate Abilities, Weirdness & Mutations

You have an increased reservoir of magic (+10% MP).
Your attributes are resistant to harm.


Message History

The hobgoblin misses you. The kobold barely misses you. The hobgoblin hits you.
The kobold barely misses you. The hobgoblin barely misses you.
The kobold closely misses you. The hobgoblin hits you.
The kobold closely misses you. The hobgoblin barely misses you.
The kobold barely misses you. The hobgoblin hits you.
The kobold closely misses you. The hobgoblin barely misses you.
The kobold closely misses you. The hobgoblin hits you. The kobold hits you.
* * * LOW HITPOINT WARNING * * *
The hobgoblin closely misses you. The kobold barely misses you.
The hobgoblin hits you.
* * * LOW HITPOINT WARNING * * *
The kobold closely misses you. The hobgoblin misses you.
The kobold closely misses you. The hobgoblin hits you.
* * * LOW HITPOINT WARNING * * *
The kobold hits you.
* * * LOW HITPOINT WARNING * * *
The hobgoblin hits you.
You die...

##.#.*,*#......# *,,,,
#....,,*#......# *****
*..#.####......## *
*,....#...(.....# *
*,*#.(#.#.......# *
#.##..#.#(......# *
#...............#
###.#.#.##g.#'#.#**
#.#.#.##.@#,#,,,*
#.#.#.##.K#,*,***
#†#.#.##..#,*,************
###/#.#.##..#,*,**,,,,,,,,,,
#...#.#.##..#,,,**,*********
#.###.#.##..#*****,* *
#.....#,,....,* *,* *
#######**####,****,* *
*,,,,,,* *


You could see a hobgoblin and a kobold.

Vanquished Creatures
  2 scorpions (D:4)
  A worker ant (D:4)
  7 adders
  3 worms (D:3)
  4 orcs
  12 bats
  3 giant cockroaches
  7 hobgoblins
  4 jackals (D:1)
  9 kobolds
  2 quokkas (D:3)
  A ball python (D:3)
  A giant gecko (D:2)
  3 giant newts
  A goblin (D:2)
  6 rats
66 creatures vanquished.

Notes
Turn   | Place    | Note
--------------------------------------------------------------
     0 | D:1      | diggydiggyhole the Demigod Gladiator began the quest for the Orb.
     0 | D:1      | Reached XP level 1. HP: 17/17 MP: 3/3
    68 | D:1      | Reached skill level 3 in Staves
   188 | D:1      | Reached XP level 2. HP: 9/24 MP: 4/4
  1327 | D:2      | Reached XP level 3. HP: 12/29 MP: 5/5
  1431 | D:2      | Reached skill level 4 in Staves
  1814 | D:2      | Found a glowing silver altar of Zin.
  2092 | D:3      | Reached XP level 4. HP: 26/36 MP: 6/6
  2334 | D:3      | Reached skill level 5 in Staves
  2792 | D:4      | Found a shimmering altar of Xom.
  2886 | D:4      | Noticed a phantom
  2894 | D:4      | Reached XP level 5. HP: 27/41 MP: 7/7
  2900 | D:4      | Reached skill level 6 in Staves
  6182 | D:3      | HP: 2/41 [kobold (1)]
  6183 | D:3      | Slain by a hobgoblin

Action                   |  1- 3 |  4- 6 || total
-------------------------+-------+-------++-------
Melee: Quarterstaff      |   128 |    80 ||   208
  Use: Potion            |     1 |     1 ||     2
 Stab: Sleeping          |     5 |       ||     5
  Eat: Pizza             |     1 |       ||     1
       Chunk             |     2 |     2 ||     4
       Beef jerky        |       |     2 ||     2
       Meat ration       |       |     1 ||     1
       Bread ration      |       |     1 ||     1
       Royal jelly       |       |     1 ||     1
